 Dungeon Crawl Stone Soup version 0.25.1-2-g60ff931df9 (webtiles) character file.

Game seed: 7593060384070856837

773311 DogServant the Conqueror (level 27, -13/245 HPs)
             Began as a Hill Orc Fighter on Oct 23, 2020.
             Was the Champion of the Shining One.
             Killed from afar by a Tzitzimitl (53 damage)
             ... with a bolt of cold
             ... on level 7 of Tartarus on Nov 6, 2020.
             The game lasted 04:35:43 (81223 turns).

DogServant the Conqueror (Hill Orc Fighter)        Turns: 81223, Time: 04:35:45

Health: -13/245    AC: 36    Str: 35    XL:     27
Magic:  33/33      EV: 20    Int: 15    God:    the Shining One [******]
Gold:   6542       SH:  0    Dex: 13    Spells: 16/26 levels left

rFire    + + .     SeeInvis .   p - +9 broad axe (holy)
rCold    . . .     Gourm    .   s - +4 tower shield {rF+}
rNeg     + + +     Faith    .   n - +11 plate armour of the Big Bang {*Contam rN++ Str+2 Int+4}
rPois    .         Spirit   .   E - +2 hat {Int+3}
rElec    .         Reflect  +   t - +1 cloak
rCorr    .         Harm     .   Q - +2 pair of gloves
MR       +++..                  h - +0 pair of boots of Autotheism {rF+ rN+ Dex-2}
Stlth    ..........             J - amulet of reflection
HPRegen  0.50/turn              Y - ring of protection from magic
MPRegen  0.23/turn              F - +6 ring of strength

@: confused, mighty, glowing
A: yellow scales 1, blink, deformed body, deterioration 1, frail 1, low mp 1,
sturdy frame 1
}: 4/15 runes: decaying, serpentine, silver, obsidian
a: Blink, Divine Shield, Cleansing Flame, Summon Divine Warrior, Renounce
Religion


You were on level 7 of Tartarus.
You worshipped the Shining One.
The Shining One was exalted by your worship.
You were not hungry.

You visited 13 branches of the dungeon, and saw 63 of its levels.
You visited the Abyss 6 times.

You collected 11207 gold pieces.
You spent 4665 gold pieces at shops.

Inventory:

Hand Weapons
 p - a +9 broad axe of holy wrath (weapon)
Missiles
 q - a silver javelin (quivered)
 V - 2 throwing nets
 Z - 17 curare-tipped darts
Armour
 h - the +0 pair of boots of Autotheism (worn) {rF+ rN+ Dex-2}
   (You bought it in a shop on level 1 of the Elven Halls)

   It affects your dexterity (-2).
   It protects you from fire.
   It protects you from negative energy.
 n - the +11 plate armour of the Big Bang (worn) {*Contam rN++ Str+2 Int+4}
   (You found it on level 3 of the Vaults)

   It affects your strength (+2).
   It affects your intelligence (+4).
   It greatly protects you from negative energy.
   It causes magical contamination when unequipped.
 s - a +4 tower shield of fire resistance (worn)
 t - a +1 cloak (worn)
 E - a +2 hat of intelligence (worn)
 N - +7 gold dragon scales
 Q - a +2 pair of gloves (worn)
Jewellery
 g - an uncursed ring of see invisible
 v - an uncursed ring of poison resistance
 A - an uncursed ring of resist corrosion
 F - a +6 ring of strength (right hand)
 J - an amulet of reflection (around neck)
 Y - a ring of protection from magic (left hand)
Wands
 e - a wand of acid (17)
 w - a wand of paralysis (28)
 D - a wand of iceblast (51)
 M - a wand of polymorph (4)
 P - a wand of digging (27)
 R - a wand of disintegration (16)
Scrolls
 a - 6 scrolls of fog
 c - 4 scrolls of silence
 i - 2 scrolls of identify
 m - a scroll of amnesia
 o - 14 scrolls of teleportation
 y - 7 scrolls of blinking
 B - 9 scrolls of fear
 C - 22 scrolls of remove curse
 H - 10 scrolls of magic mapping
 L - 3 scrolls of holy word
 U - 2 scrolls of immolation
 X - a scroll of summoning
Potions
 b - 2 potions of haste
 d - 10 potions of might
 k - 8 potions of flight
 l - 21 potions of curing
 r - 2 potions of cancellation
 u - a potion of brilliance
 x - 10 potions of lignification
 G - 3 potions of ambrosia
Miscellaneous
 I - 3 boxes of beasts
 S - a phial of floods (inert)
Comestibles
 f - 55 rations


   Skills:
 O Level 27 Fighting
 - Level 24.5(25.2) Axes
   Level 10.1(17.0) Maces & Flails
 - Level 18.0 Armour
 + Level 19.8 Dodging
 - Level 25.0 Shields
 - Level 9.6 Hexes
 - Level 11.0 Charms
 - Level 13.2 Summonings
 - Level 20.0 Invocations
 - Level 15.0 Evocations


You had 16 spell levels left.
You knew the following spells:

 Your Spells              Type           Power        Failure   Level  Hunger
a - Song of Slaying       Chrm           ####....     1%          2    ###....
b - Spectral Weapon       Hex/Chrm       ####....     3%          3    ####...
c - Aura of Abjuration    Summ           #####.....   10%         5    ######.

Your spell library contained the following spells:

 Spells                   Type           Power        Failure   Level  Hunger
 Corona                   Hex            ####...      1%          1    ##.....
 Infusion                 Chrm           ####         1%          1    ##.....
 Summon Butterflies       Summ           #####...     1%          1    ##.....
 Summon Small Mammal      Summ           ####         1%          1    ##.....
 Call Imp                 Summ           #####...     1%          2    ###....
 Call Canine Familiar     Summ           #####...     1%          3    ####...
 Slow                     Hex            ####....     2%          2    ###....
 Summon Guardian Golem    Hex/Summ       ####....     2%          3    ####...
 Confusing Touch          Hex            ####....     4%          3    ####...
 Tukima's Dance           Hex            ####....     4%          3    ####...
 Summon Demon             Summ           #####.....   10%         5    ######.
 Shroud of Golubria       Chrm/Tloc      ###...       12%         2    ###....
 Swiftness                Chrm/Air       ###.....     12%         2    ###....
 Cause Fear               Hex            ####......   14%         4    #####..
 Ensorcelled Hibernation  Hex/Ice        ##....       16%         2    ###....
 Recall                   Summ/Tloc      N/A          16%         3    ####...
 Summon Mana Viper        Hex/Summ       ####....     21%         5    ######.
 Ozocubu's Armour         Chrm/Ice       ###.....     24%         3    ####...
 Dazzling Flash           Conj/Hex       ##....       32%         3    ####...
 Inner Flame              Hex/Fire       ##......     32%         3    ####...
 Summon Ice Beast         Ice/Summ       ###.....     45%         4    #####..
 Summon Lightning Spire   Summ/Air       ###.....     45%         4    #####..
 Shadow Creatures         Summ           N/A          45%         6    #######
 Animate Skeleton         Necr           N/A          58%         1    ##.....
 Apportation              Tloc           #.....       58%         1    ##.....
 Beastly Appendage        Tmut           #.....       58%         1    ##.....
 Foxfire                  Conj/Fire      #...         58%         1    ##.....
 Freeze                   Ice            #...         58%         1    ##.....
 Magic Dart               Conj           #...         58%         1    ##.....
 Pain                     Necr           #...         58%         1    ##.....
 Shock                    Conj/Air       #...         58%         1    ##.....
 Sting                    Tmut/Pois      #...         58%         1    ##.....
 Leda's Liquefaction      Hex/Erth       ##........   71%         4    #####..
 Blink                    Tloc           N/A          75%         2    ###....
 Corpse Rot               Necr/Air       N/A          75%         2    ###....
 Passwall                 Tmut/Erth      #.......     75%         2    ###....
 Poisonous Vapours        Pois/Air       #.....       75%         2    ###....
 Searing Ray              Conj           #.....       75%         2    ###....
 Sticks to Snakes         Tmut           #.......     75%         2    ###....
 Summon Forest            Summ/Tloc      ###.......   80%         5    ######.
 Conjure Flame            Conj/Fire      #.......     92%         3    ####...
 Gell's Gravitas          Tloc           #.........   92%         3    ####...
 Ignite Poison            Fire/Tmut/Pois #.......     92%         3    ####...
 Lesser Beckoning         Tloc           #.........   92%         3    ####...
 Mephitic Cloud           Conj/Pois/Air  #.......     92%         3    ####...
 Spider Form              Tmut/Pois      #.........   92%         3    ####...
 Static Discharge         Conj/Air       #.......     92%         3    ####...
 Stone Arrow              Conj/Erth      #.....       92%         3    ####...
 Darkness                 Hex            ####......   92%         6    #######
 Invisibility             Hex            ####....     92%         6    #######
 Metabolic Englaciation   Hex/Ice        ##........   96%         5    ######.
 Silence                  Hex/Air        ##........   96%         5    ######.
 Yara's Violent Unravell  Hex/Tmut       ##........   96%         5    ######.
 Summon Hydra             Summ           #####.....   96%         7    #######
 Airstrike                Air            #.........   100%        4    #####..
 Animate Dead             Necr           N/A          100%        4    #####..
 Hailstorm                Conj/Ice       #.......     100%        4    #####..
 Ice Form                 Ice/Tmut       #.......     100%        4    #####..
 Iskenderun's Mystic Bla  Conj/Tloc      #.......     100%        4    #####..
 Olgreb's Toxic Radiance  Pois           #.......     100%        4    #####..
 Passage of Golubria      Tloc           N/A          100%        4    #####..
 Petrify                  Tmut/Erth      #.......     100%        4    #####..
 Sticky Flame             Conj/Fire      #.......     100%        4    #####..
 Alistair's Intoxication  Tmut/Pois      #.......     100%        5    ######.
 Blade Hands              Tmut           #.........   100%        5    ######.
 Borgnjor's Vile Clutch   Necr/Erth      #.........   100%        5    ######.
 Fireball                 Conj/Fire      #.........   100%        5    ######.
 Irradiate                Conj/Tmut      #.........   100%        5    ######.
 Lee's Rapid Deconstruct  Erth           #.........   100%        5    ######.
 Lightning Bolt           Conj/Air       #.........   100%        5    ######.
 Conjure Ball Lightning   Conj/Air       #.........   100%        6    #######
 Death Channel            Necr           #.........   100%        6    #######
 Eringya's Noxious Bog    Tmut/Pois      #.........   100%        6    #######
 Freezing Cloud           Conj/Ice/Air   #.........   100%        6    #######
 Hydra Form               Tmut           #.........   100%        6    #######
 Ozocubu's Refrigeration  Ice            #.........   100%        6    #######
 Simulacrum               Ice/Necr       #.........   100%        6    #######
 Starburst                Conj/Fire      #.........   100%        6    #######
 Statue Form              Tmut/Erth      #........    100%        6    #######
 Dragon Form              Tmut           #.........   100%        7    #######
 Ring of Flames           Chrm/Fire      ###.......   100%        7    #######
 Chain Lightning          Conj/Air       #.........   100%        8    #######
 Ignition                 Fire           #.........   100%        8    #######
 Lehudib's Crystal Spear  Conj/Erth      #.........   100%        8    #######
 Absolute Zero            Ice            #.........   100%        9    #######
 Dragon's Call            Summ           #####.....   100%        9    #######
 Fire Storm               Conj/Fire      #.........   100%        9    #######


Dungeon Overview and Level Annotations

Branches:
Dungeon (15/15)            Temple (1/1) D:7            Lair (6/6) D:11
  Swamp (4/4) Lair:2        Snake (4/4) Lair:3        Slime (0/5) Lair:5
    Orc (2/2) D:10            Elf (3/3) Orc:2        Vaults (5/5) D:13
  Crypt (3/3) Vaults:3       Tomb (0/3) Crypt:3      Depths (5/5) D:15
   Hell (visited)             Dis (0/7) Hell            Geh (7/7) Hell
    Coc (0/7) Hell            Tar (7/7) Hell            Zot (0/5) Depths:5

Altars:
Ashenzari
Cheibriados
Dithmenos
Elyvilon
Fedhas
Gozag
Hepliaklqana
Kikubaaqudgha
Makhleb
Nemelex Xobeh
Okawaru
Qazlal
Ru
Sif Muna
Trog
Uskayaw
Vehumet
Wu Jian
Xom
Yredelemnul
Zin
The Shining One
Beogh
Jiyva

Shops:
D:6 =   Orc:2 :(!?   Elf:1 [?   Elf:2 ?   Elf:3 }   Vaults:1 *   Vaults:2 %
Vaults:4 *

Portals:
Hell: Depths:1 Depths:2 Depths:3 Depths:4 Depths:5
Abyss: Swamp:2 Depths:3 Depths:4
Pandemonium: Orc:2 Depths:3 Depths:5
Ziggurat: Depths:5
Trove: D:11 (give 15 scrolls of teleportation)

Annotations:
D:5 1 runed translucent door
D:15 2 transporters, Wampy's ghost, journeyman VSBe
Lair:5 exclusion: 3 oklob plants
Swamp:2 2 transporters, Zachydoop's ghost, journeyman DsGl
Snake:4 exclusion: 2 ice statues
Crypt:1 1 runed translucent door, rrossfarrar's ghost, veteran BaFi
Depths:5 5 runed translucent doors
Tar:7 Ereshkigal


Innate Abilities, Weirdness & Mutations

You are partially covered in yellow scales. (AC +2)
You can translocate small distances at will.
Armour fits poorly on your strangely shaped body.
Your body sometimes deteriorates upon taking damage.
You are frail. (-10% HP)
Your magical capacity is low. (-10% MP)
Your movements are slightly less encumbered by armour. (ER -2)


Message History

The Tzitzimitl calls on the powers of darkness!
Your body is wracked with pain!
* * * LOW HITPOINT WARNING * * *
Okay, then.
Okay, then.
Evoke which item? (* to show all) (? for menu, Esc to quit)
Okay, then.
Press: ? - help, v - describe, . - travel
Here: a Tzitzimitl (silenced, waterlogged, haloed) Some shallow water.
Okay, then.
Okay, then.
Okay, then.
You are confused.
You feel invigorated.
Ereshkigal becomes audible again.
A flying skull comes into view.
The hellion splashes around in the water.
The Tzitzimitl gestures at you. The bolt of cold hits you!!!
You die...

#........# #.......
#........###........z.# #....#..
#........##............ #......)
#.......###.8..1.....8. ##......
#.......###............ #......
#......###............. ##.....
#......# #..8..z.....8. #..#..
#......###.............. #.....
#.......# #...≈@....... ###....
#.......###.8.21&≈...8. ##.###..
#........##..2≈Z3≈..... #....###
#........###..≈≈≈≈....###.....#
#........# ###≈.2.≈.###......^##
#........##..###''###...........
#........##.....................
#.........###...................
#...........###.........#######.


You could see Ereshkigal (resistant, waterlogged), 2 Tzitzimimeh, a soul eater
(summoned, waterlogged), a shadow demon (summoned, waterlogged), 2 hellions, 2
flying skulls and an ettin zombie.

Vanquished Creatures
  Asmodeus (Geh:7)
  5 ancient liches
  Mennas (Vaults:4)
  Frederick (Crypt:3)
  Saint Roka (Depths:3)
  Geryon (Hell)
  A caustic shrike (Depths:4)
  The ghost of Etzier the Peltast, an adept MiBe of Trog (Vaults:1)
  Jory (Depths:4)
  3 golden dragons
  the Enchantress (Depths:2)
  2 profane servitors
  The ghost of Jaoffat the Wrestler, an adept TrFi (Depths:3)
  3 doom hounds
  10 Brimstone Fiends
  18 bone dragons
  13 Tzitzimimeh
  7 tentacled monstrosities
  11 liches
  2 Hell Sentinels
  4 deep elf blademasters (Elf:3)
  8 titans
  6 sphinxes
  Gastronok (D:7)
  6 Executioners
  4 quicksilver dragons
  18 tentacled starspawn
  8 ancient champions
  3 storm dragons
  8 shadow dragons
  4 revenants (Crypt:2)
  4 tengu reavers
  A draconian monk (Abyss:1)
  7 nagarajas
  2 daevas
  9 fire giants
  9 frost giants
  21 vault wardens
  11 balrugs
  2 iron dragons
  A draconian scorcher (Depths:5)
  11 deep elf sorcerers
  An orc warlord (D:14)
  Aizul (Snake:3)
  2 caustic shrike zombies
  4 curse skulls
  14 ghouls
  5 deep elf elementalists
  A draconian shifter (Abyss:5)
  An angel (Abyss:1)
  5 spriggan defenders (Depths:2)
  A draconian annihilator (Depths:5)
  13 very ugly things
  7 cacodemons
  A draconian stormcaller (Depths:5)
  20 ironheart preservers
  2 war gargoyles (Hell)
  23 reapers
  13 stone giants
  6 caustic shrike skeletons (Depths:2)
  2 entropy weavers
  An ophan (Abyss:2)
  59 starcursed masses
  4 green draconians (Depths:5)
  3 lorocyprocas
  8 deep elf demonologists
  2 purple draconians (Depths:5)
  3 black draconians
  3 red draconians
  3 spark wasps
  5 white draconians (Depths:5)
  11 deep elf annihilators
  16 vampire knights
  A yellow draconian (Depths:5)
  Snorg (D:13)
  7 blizzard demons
  8 deep elf death magi
  A merfolk javelineer (Depths:4)
  11 ettins
  A dire elephant (Depths:2)
  8 eidola
  5 green deaths
  23 jiangshi
  12 fire dragons
  A mummy priest (Hell)
  14 yaktaur captains
  13 great orbs of eyes
  6 quicksilver dragon zombies
  3 deep elf high priests
  15 hydras
  4 quicksilver dragon skeletons
  7 rakshasas
  12 naga warriors
  30 vault guards
  A shambling mangrove (Swamp:4)
  15 ice dragons
  8 ghost crabs
  6 spriggan air magi
  13 anacondas
  13 centaur warriors
  14 dancing weapons
  11 alligators
  6 death knights
  53 two-headed ogres
  13 deep troll earth magi
  A tengu warrior (Depths:1)
  14 spriggan berserkers
  28 hell hogs
  8 deep troll shamans
  6 shock serpents
  Urug (D:10)
  10 death yaks (Depths:2)
  24 thrashing horrors
  10 sun demons
  5 orc high priests (Orc:2)
  18 ogre magi
  15 deep elf knights
  9 naga sharpshooters
  16 vampire magi
  A shock serpent (shapeshifter) (Vaults:2)
  6 titan skeletons
  3 iron trolls
  10 soul eaters
  5 storm dragon zombies
  5 shadow wraiths
  5 storm dragon skeletons
  2 sea snakes (Snake:2)
  4 hell knights (Depths:5)
  4 sixfirhies
  102 skeletal warriors
  14 wretched stars
  2 anaconda zombies
  8 spatial maelstroms
  2 ghost moth zombies
  21 flayed ghosts
  4 gelid demonspawn
  12 spriggan druids
  7 glowing orange brains
  13 swamp dragons
  7 unseen horrors
  9 shadow demons
  A kraken simulacrum (Hell)
  24 deep elf archers
  3 salamander mystics
  31 deep trolls
  4 golden dragon zombies
  4 naga ritualists
  3 infernal demonspawn
  3 wizards
  An iron dragon zombie (Tar:7)
  20 ironbrand convokers
  19 orc knights
  2 anaconda skeletons
  12 harpies
  21 phantasmal warriors
  A shadow dragon zombie (Geh:7)
  7 necromancers
  4 wolf spider zombies
  A golden dragon skeleton (Tar:5)
  57 deep elf magi
  12 cyclopes
  7 stone giant zombies
  5 manticores
  4 shadow dragon skeletons
  4 fire giant zombies
  2 human zombies
  9 mana vipers
  7 orc sorcerers
  5 wolf spiders
  5 frost giant zombies
  46 ugly things
  10 salamanders
  A salamander (shapeshifter) (Vaults:4)
  2 shock serpent zombies
  A moth of wrath (shapeshifter) (Depths:3)
  2 iron dragon skeletons (Geh:7)
  10 elephants
  12 vault sentinels
  5 dire elephant zombies
  6 frost giant skeletons
  9 apocalypse crabs
  6 stone giant skeletons
  3 worldbinders
  Maurice (D:8)
  9 rust devils
  13 guardian serpents
  Psyche (D:10)
  An eye of devastation (shapeshifter) (Depths:3)
  2 centaur zombies
  37 black mambas
  9 molten gargoyles
  2 fire giant skeletons
  16 smoke demons
  Maggie (D:7)
  A purple draconian zombie (Crypt:1)
  An eye of devastation (Abyss:3)
  14 naga magi
  7 orange demons
  A gargoyle (D:15)
  4 dire elephant skeletons
  A shock serpent skeleton (Geh:7)
  11 hellions
  2 spiny frogs (shapeshifter)
  A catoblepas zombie (Crypt:3)
  14 freezing wraiths
  16 spiny frogs
  58 yaktaurs
  4 komodo dragons
  An alligator snapping turtle skeleton (Crypt:1)
  5 efreet
  A kobold demonologist (Abyss:5)
  A rime drake (Lair:1)
  5 ice devils
  A demonic crawler (Abyss:3)
  9 ancient zymes
  A death yak zombie (Crypt:1)
  5 hellwings
  2 yaktaur zombies (Hell)
  An anaconda simulacrum (Hell)
  5 guardian mummies
  A harpy zombie (Geh:7)
  10 tormentors
  A queen bee (shapeshifter) (Elf:2)
  10 trolls
  4 hydra zombies
  A meliai (shapeshifter) (Vaults:2)
  12 red devils
  A tengu conjurer (D:10)
  5 silent spectres
  A troll (shapeshifter) (Elf:1)
  A polar bear (shapeshifter) (Vaults:4)
  A raiju (shapeshifter) (Depths:4)
  54 slime creatures
  4 polar bears
  14 tyrant leeches
  A merfolk (shapeshifter) (Vaults:5)
  2 wind drakes (Abyss:2)
  33 raiju
  Prince Ribbit (D:6)
  2 harpy skeletons
  27 hornets
  5 hydra skeletons
  8 hippogriffs
  11 ettin zombies
  12 bog bodies
  7 dream sheep
  A hornet (shapeshifter) (Vaults:1)
  16 blink frogs
  3 alligator zombies
  A snapping turtle (shapeshifter) (Depths:5)
  An ice dragon zombie (Hell)
  A jumping spider zombie (Crypt:3)
  A satyr zombie (Crypt:3)
  A meliai zombie (D:13)
  4 frost giant simulacra
  2 ice dragon skeletons
  2 hippogriffs (shapeshifter)
  57 large abominations
  37 shadows
  73 flying skulls
  31 yaks
  4 ettin skeletons
  2 fire dragon skeletons
  8 fire dragon zombies
  5 redbacks
  8 water elementals
  An air elemental (Elf:1)
  A redback (shapeshifter) (Vaults:1)
  10 wyverns
  2 fire bats
  5 vampires
  59 spriggans
  23 wraiths
  22 fire elementals
  A black mamba skeleton (Tar:7)
  An elf zombie (Hell)
  A fire bat (shapeshifter) (Vaults:3)
  4 basilisks
  13 golden eyes
  10 chaos spawn
  10 ynoxinuls
  14 vampire mosquitoes
  A golden eye (shapeshifter) (D:14)
  9 hungry ghosts
  A human simulacrum (Vaults:1)
  9 neqoxecs
  8 spatial vortices
  An emperor scorpion simulacrum (Crypt:3)
  A two-headed ogre zombie (Crypt:3)
  A soldier ant (shapeshifter) (Vaults:5)
  14 swamp worms
  5 wargs
  6 soldier ants
  2 wargs (shapeshifter)
  9 insubstantial wisps
  2 acid dragons
  3 spiny frog zombies
  19 water moccasins
  An orb spider zombie (Crypt:3)
  38 hell hounds
  6 porcupines
  33 nagas
  44 orc warriors
  2 manticore zombies
  A water nymph skeleton (Crypt:1)
  4 spiny frog skeletons
  A dream sheep zombie (Crypt:3)
  9 swamp drakes
  6 ice beasts
  35 small abominations
  An eye of draining (shapeshifter) (Vaults:4)
  7 black bears
  6 sky beasts
  2 swamp dragon zombies
  An ettin simulacrum (Vaults:4)
  3 eyes of draining
  40 ogres
  A manticore skeleton (Geh:2)
  34 necrophages
  5 snapping turtle zombies
  26 centaurs
  11 phantoms
  A snapping turtle skeleton (Crypt:1)
  49 wolves
  21 boggarts
  2 swamp dragon skeletons
  10 crocodiles
  3 big kobolds
  16 bullfrogs
  2 wyvern zombies
  2 earth elementals
  An elf skeleton (Crypt:2)
  A wyvern skeleton (D:11)
  5 scorpions
  A tengu zombie (Hell)
  11 killer bees
  A spriggan zombie (Crypt:1)
  3 vampire bats (Abyss:2)
  75 wights
  A yak skeleton (Crypt:2)
  7 electric eels
  A spriggan skeleton (Geh:4)
  18 crimson imps
  8 quasits
  29 orc priests
  2 jellies
  A bullfrog zombie (D:9)
  7 hounds
  5 centaur skeletons
  2 bullfrog skeletons
  2 iguanas
  9 iron imps
  18 orc wizards
  A porcupine zombie (Crypt:2)
  17 worker ants
  A killer bee zombie (D:5)
  A dwarf zombie (Crypt:3)
  A naga zombie (Crypt:2)
  An ogre zombie (Geh:7)
  A crocodile skeleton (Crypt:1)
  A naga skeleton (Tar:6)
  A tengu skeleton (Geh:7)
  A hound zombie (D:9)
  2 hound skeletons
  19 adders
  24 shadow imps
  5 white imps
  9 ufetubi
  An ooze (D:1)
  An adder zombie (D:7)
  An adder skeleton (D:5)
  4 worms
  2 dart slugs
  5 leopard geckos
  87 orcs
  4 ball pythons
  5 giant cockroaches
  8 goblins
  8 hobgoblins
  28 jackals
  27 kobolds
  3 quokkas
  A ball python skeleton (D:4)
  10 bats
  5 frilled lizards
  A frilled lizard zombie (Crypt:3)
  2 giant cockroach zombies
  A goblin skeleton (Crypt:2)
  An orc skeleton (Geh:7)
  A quokka skeleton (D:4)
  9 rats
  2 butterflies (Abyss:2)
  2 crawling corpses (Vaults:5)
  6 fungi
  4 plants
  A spectral weapon (Crypt:2)
  20 starspawn tentacles
  5 withered plants (D:15)
3600 creatures vanquished.

Vanquished Creatures (collateral kills)
  Sojobo (Crypt:1)
  2 Tzitzimimeh (Tar:7)
  A Brimstone Fiend (Geh:7)
  A hellephant (Abyss:3)
  Jorgrun (D:12)
  Frances (D:14)
  2 Executioners
  Agnes (D:15)
  3 nagarajas (Snake:4)
  A shadow dragon (Vaults:5)
  5 balrugs
  A caustic shrike zombie (Crypt:2)
  2 cacodemons
  A very ugly thing (Swamp:1)
  3 reapers
  A quicksilver dragon zombie (Geh:7)
  An eidolon (Crypt:2)
  A green death (Crypt:2)
  5 hydras (Swamp:4)
  A shambling mangrove (Swamp:4)
  A ghost crab (Tar:7)
  2 naga warriors
  An anaconda (Snake:4)
  An alligator (Swamp:1)
  2 thrashing horrors
  A shock serpent (Snake:4)
  A titan zombie (Geh:3)
  A titan skeleton (Geh:7)
  4 hell hogs
  2 naga sharpshooters (Snake:4)
  A spriggan berserker (Swamp:4)
  5 skeletal warriors
  A sun demon (Geh:4)
  A sixfirhy (Abyss:1)
  2 swamp dragons (Swamp:4)
  2 naga ritualists (Snake:4)
  An entropy weaver zombie (Crypt:2)
  2 deep elf archers (Elf:2)
  A frost giant zombie (Geh:7)
  2 deep elf magi (Elf:2)
  3 black mambas (Snake:4)
  A stone giant skeleton (Geh:4)
  9 molten gargoyles (Geh:7)
  A fire giant skeleton (Geh:4)
  A smoke demon (Abyss:3)
  A guardian serpent (Snake:4)
  A rust devil (Abyss:2)
  A naga mage (Snake:4)
  An orange demon (Abyss:3)
  3 hellions
  A rime drake (shapeshifter) (Elf:2)
  A freezing wraith (Abyss:3)
  5 red devils
  A silent spectre (Tar:7)
  2 hornets (Swamp:4)
  A fire dragon zombie (Geh:4)
  An ettin zombie (Geh:7)
  A slime creature (shapeshifter) (Depths:3)
  A bog body (Swamp:4)
  4 raiju (Abyss:5)
  3 flying skulls (Tar:7)
  2 shadows (Tar:7)
  A wraith (Geh:7)
  A fire dragon skeleton (Geh:7)
  7 fire elementals
  A chaos spawn (Abyss:2)
  9 nagas (Snake:4)
  3 hell hounds
  2 orc warriors (D:8)
  A spiny frog skeleton (Geh:7)
  A small abomination (Abyss:5)
  2 manticore skeletons
  A snapping turtle skeleton (Geh:7)
  A bullfrog (D:15)
  5 wights
  A crimson imp (Geh:2)
  A bullfrog zombie (D:12)
  An orc priest (D:8)
  A white imp (Abyss:3)
  2 orcs (D:8)
155 creatures vanquished.

Vanquished Creatures (others)
  3 liches
  A nagaraja (Snake:4)
  2 deep elf sorcerers
  Louise (Snake:1)
  2 hell hogs
  A deep elf knight (Elf:3)
  4 deep elf magi
  A tormentor (Geh:4)
  A tyrant leech (Swamp:2)
  2 small abominations
  A raiju (Abyss:2)
  A large abomination (Abyss:3)
  A fire elemental (Geh:7)
  A boggart (Depths:2)
  An ufetubus (Abyss:3)
  A kobold zombie (Geh:7)
  A crawling corpse (Elf:3)
  13 fungi
  2 lurking horrors
  26 plants
  5 spectral weapons
  42 starspawn tentacles
  4 tentacles (Hell)
  4 withered plants
121 creatures vanquished.

Grand Total: 3876 creatures vanquished

Notes
Turn   | Place    | Note
-------+----------+-------------------------------------------
     0 | D:1      | DogServant the Hill Orc Fighter began the quest for the
                  | Orb.
     0 | D:1      | Reached XP level 1. HP: 19/19 MP: 1/1
    54 | D:1      | Reached XP level 2. HP: 17/27 MP: 2/2
   178 | D:1      | Reached skill level 4 in Fighting
   564 | D:1      | Reached XP level 3. HP: 32/34 MP: 3/3
   972 | D:2      | Found a burning altar of Makhleb.
   975 | D:2      | Reached XP level 4. HP: 36/41 MP: 4/4
   988 | D:2      | Reached skill level 5 in Fighting
   999 | D:2      | Became a worshipper of Makhleb the Destroyer
  1682 | D:3      | Reached skill level 5 in Axes
  1685 | D:3      | Reached * piety under Makhleb
  1685 | D:3      | Reached XP level 5. HP: 48/48 MP: 5/5
  2289 | D:3      | Reached ** piety under Makhleb
  2289 | D:3      | Reached skill level 6 in Fighting
  2356 | D:3      | Found an ornate altar of the Wu Jian Council.
  2424 | D:4      | Noticed a phantom
  2431 | D:4      | Reached XP level 6. HP: 48/57 MP: 6/6
  2447 | D:4      | Killed a phantom
  2760 | D:4      | Reached skill level 7 in Fighting
  2760 | D:4      | Reached XP level 7. HP: 65/66 MP: 7/7
  3219 | D:4      | Found a radiant altar of Vehumet.
  3316 | D:5      | Entered Level 5 of the Dungeon
  3477 | D:5      | Found the +9 staff of Olgreb {rPois∞}
  3478 | D:5      | Found a runed translucent door.
  3496 | D:5      | Reached skill level 1 in Invocations
  3683 | D:5      | Found a runed translucent door.
  3688 | D:5      | Found a runed translucent gate.
  3688 | D:5      | Found a runed translucent gate.
  3688 | D:5      | Noticed a soldier ant
  3716 | D:5      | Found a runed translucent gate.
  3718 | D:5      | Noticed a soldier ant
  3718 | D:5      | Noticed a soldier ant
  3875 | D:5      | Found a sparkling altar of Nemelex Xobeh.
  4049 | D:5      | Noticed a soldier ant
  4051 | D:5      | Noticed a soldier ant
  4463 | D:6      | Reached XP level 8. HP: 63/73 MP: 8/10
  4493 | D:6      | Reached *** piety under Makhleb
  4539 | D:6      | Found an iron altar of Okawaru.
  4555 | D:6      | Found a sparkling altar of Nemelex Xobeh.
  4613 | D:6      | Noticed Prince Ribbit
  4644 | D:6      | Killed Prince Ribbit
  4644 | D:6      | Reached skill level 5 in Armour
  4644 | D:6      | Reached skill level 5 in Shields
  4784 | D:6      | Found Witausuk's Jewellery Boutique.
  4806 | D:6      | Reached skill level 5 in Invocations
  5006 | D:6      | Reached XP level 9. HP: 79/79 MP: 12/12
  5179 | D:7      | Found a glowing silver altar of Zin.
  5255 | D:7      | Reached skill level 1 in Dodging
  5393 | D:7      | Noticed Maggie
  5695 | D:7      | Killed Maggie
  6243 | D:7      | Found a staircase to the Ecumenical Temple.
  6408 | D:8      | Reached skill level 10 in Axes
  6666 | D:8      | Found a hide-covered altar of Uskayaw.
  6668 | D:8      | Noticed a +0 dagger
  6668 | D:8      | Noticed a +0 dagger
  6846 | D:8      | Reached skill level 1 in Evocations
  6866 | D:8      | Reached **** piety under Makhleb
  6944 | D:8      | Found a blossoming altar of Fedhas.
  6952 | D:8      | Noticed Maurice
  6963 | D:8      | Killed Maurice
  6963 | D:8      | Reached skill level 8 in Fighting
  6963 | D:8      | Reached XP level 10. HP: 86/88 MP: 15/15
  7164 | D:8      | Noticed Gastronok
  7213 | D:7      | Killed Gastronok
  7213 | D:7      | Reached skill level 9 in Fighting
  7587 | D:9      | Reached skill level 10 in Fighting
  7649 | D:9      | Got a fine rapier
  7650 | D:9      | Identified the +7 rapier of the Dancing Scavenger {freeze,
                  | rPois} (You found it on level 9 of the Dungeon)
  8588 | D:10     | Entered Level 10 of the Dungeon
  8632 | D:10     | Reached XP level 11. HP: 59/101 MP: 16/16
  8848 | D:10     | Reached skill level 11 in Fighting
  8922 | D:6      | Bought an uncursed amulet of reflection for 300 gold pieces
  9052 | D:10     | Found a staircase to the Orcish Mines.
  9282 | D:10     | Reached ***** piety under Makhleb
  9317 | D:10     | Noticed Urug
  9322 | D:10     | Killed Urug
  9450 | D:10     | Reached skill level 12 in Fighting
  9526 | D:10     | Noticed Psyche
  9537 | D:10     | Killed Psyche
 10190 | D:11     | Found a hazy altar of Hepliaklqana.
 10203 | D:11     | Found a staircase to the Lair.
 10333 | D:11     | Noticed a manticore
 10337 | D:11     | Killed a manticore
 10594 | D:11     | Found a portal to a secret trove of treasure.
 10834 | D:12     | Noticed a cyclops
 10931 | Lair:1   | Entered Level 1 of the Lair of Beasts
 11142 | Lair:1   | Reached XP level 12. HP: 112/112 MP: 17/17
 11611 | Lair:2   | Found a staircase to the Swamp.
 12240 | Lair:2   | Noticed an eight-headed hydra
 12247 | Lair:2   | Killed an eight-headed hydra
 12465 | Lair:3   | Reached skill level 5 in Dodging
 12987 | Lair:3   | Found a staircase to the Snake Pit.
 13417 | Lair:3   | Reached skill level 15 in Axes
 14345 | Lair:4   | Reached XP level 13. HP: 118/118 MP: 19/19
 14452 | Lair:4   | Reached ****** piety under Makhleb
 15425 | Lair:5   | Found a staircase to the Slime Pits.
 15425 | Lair:5   | Found a viscous altar of Jiyva.
 15568 | Lair:5   | Reached skill level 13 in Fighting
 16112 | Lair:6   | Entered Level 6 of the Lair of Beasts
 16813 | Lair:6   | Reached XP level 14. HP: 126/130 MP: 20/20
 17606 | Lair:6   | Paralysed by a hornet for 2 turns
 17983 | Lair:6   | Reached skill level 14 in Fighting
 18842 | Orc:1    | Entered Level 1 of the Orcish Mines
 18987 | Orc:2    | Entered Level 2 of the Orcish Mines
 19018 | Orc:2    | Found a gate leading to a gauntlet.
 19178 | Orc:2    | Found Sugapefei's Magic Scroll Shoppe.
 19195 | Orc:2    | Noticed an Executioner
 19205 | Orc:2    | Found Weihi's Distillery.
 19546 | Orc:2    | Found a staircase to the Elven Halls.
 19885 | Orc:2    | Paralysed by an orc sorcerer for 3 turns
 19896 | Orc:2    | Paralysed by an orc sorcerer for 5 turns
 19906 | Orc:2    | Reached skill level 10 in Shields
 20533 | Orc:2    | Found Jaistej's Antique Weapon Shop.
 20533 | Orc:2    | Found a one-way gate leading to the halls of Pandemonium.
 20533 | Orc:2    | Found Hinaeqir's Book Boutique.
 20814 | Orc:1    | Noticed an Executioner
 20988 | Orc:1    | Reached skill level 10 in Invocations
 21385 | Orc:2    | Bought a scroll of brand weapon for 260 gold pieces
 21385 | Orc:2    | Bought a scroll of fear for 45 gold pieces
 21385 | Orc:2    | Bought a scroll of teleportation for 39 gold pieces
 21465 | D:12     | Reached skill level 15 in Fighting
 21619 | D:12     | Noticed Jorgrun
 21851 | D:12     | Killed Jorgrun
 21851 | D:12     | Reached XP level 15. HP: 75/141 MP: 22/22
 22477 | D:13     | Found a gate to the Vaults.
 22491 | D:13     | Reached skill level 10 in Armour
 22587 | D:13     | Noticed Snorg
 22600 | D:13     | Killed Snorg
 23355 | D:14     | Found a transporter.
 23356 | D:14     | Found a transporter.
 23358 | D:14     | Noticed an orc warlord
 23361 | D:14     | Found a roughly hewn altar of Beogh.
 23750 | D:14     | Noticed Frances
 23762 | D:14     | Killed Frances
 24239 | D:15     | Entered Level 15 of the Dungeon
 24285 | D:15     | Found a staircase to the Depths.
 24676 | D:15     | Noticed Agnes
 24681 | D:15     | Killed Agnes
 24780 | D:15     | Found a transporter.
 24783 | D:15     | Noticed Wampy's ghost (journeyman VSBe)
 25019 | D:15     | Reached skill level 16 in Fighting
 25160 | D:15     | Found a transporter.
 25728 | Snake:1  | Entered Level 1 of the Snake Pit
 25832 | Snake:1  | Reached XP level 16. HP: 151/151 MP: 24/24
 26013 | Snake:1  | You fall into a shaft and drop 1 floor!
 26066 | Snake:1  | Noticed Louise
 26094 | Snake:1  | Killed Louise
 27181 | Snake:2  | Reached skill level 10 in Dodging
 27308 | Snake:2  | Noticed a nagaraja
 27312 | Snake:2  | Killed a nagaraja
 27944 | Snake:3  | Noticed Aizul
 28348 | Snake:3  | Killed Aizul
 29267 | Snake:4  | Entered Level 4 of the Snake Pit
 29267 | Snake:4  | Noticed a nagaraja
 29275 | Snake:4  | Killed a nagaraja
 29276 | Snake:4  | Reached skill level 17 in Fighting
 29490 | Snake:4  | Found a frozen archway.
 29647 | Snake:4  | Reached XP level 17. HP: 161/161 MP: 26/26
 29811 | Snake:4  | Reached skill level 5 in Evocations
 30302 | Snake:4  | Gained mutation: You occasionally shout uncontrollably at
                  | your foes. [potion of mutation]
 30302 | Snake:4  | Gained mutation: You have a somewhat thin skeletal
                  | structure. (Dex +2, Stealth) [potion of mutation]
 30303 | Snake:4  | Lost mutation: You occasionally shout uncontrollably at
                  | your foes. [potion of mutation]
 30303 | Snake:4  | Lost mutation: You have a somewhat thin skeletal structure.
                  | (Dex +2, Stealth) [potion of mutation]
 30303 | Snake:4  | Gained mutation: You are frail. (-10% HP) [potion of
                  | mutation]
 30303 | Snake:4  | Gained mutation: You have a pair of small horns on your
                  | head. [potion of mutation]
 30304 | Snake:4  | Lost mutation: You are frail. (-10% HP) [potion of
                  | mutation]
 30304 | Snake:4  | Lost mutation: You have a pair of small horns on your head.
                  | [potion of mutation]
 30304 | Snake:4  | Gained mutation: Your movements are slightly less
                  | encumbered by armour. (ER -2) [potion of mutation]
 30304 | Snake:4  | Gained mutation: Armour fits poorly on your strangely
                  | shaped body. [potion of mutation]
 30304 | Snake:4  | Gained mutation: You have sharp toenails. [potion of
                  | mutation]
 31401 | Snake:4  | Reached skill level 15 in Shields
 31962 | Snake:4  | Got a serpentine rune of Zot
 32253 | Vaults:1 | Entered Level 1 of the Vaults
 32443 | Vaults:1 | Reached XP level 18. HP: 170/170 MP: 27/27
 32552 | Vaults:1 | Gained mutation: Your magical capacity is low. (-10% MP) [a
                  | cacodemon]
 32704 | Vaults:1 | Got a brightly glowing glaive
 32710 | Vaults:1 | Identified the +8 glaive of the Destroying Salmon {holy,
                  | rF- Str+6 Int+2} (You found it on level 1 of the Vaults)
 32920 | Vaults:1 | Reached skill level 18 in Fighting
 33120 | Vaults:1 | Found Gofra's Assorted Antiques.
 33851 | Vaults:1 | Found a runed translucent gate.
 33852 | Vaults:1 | Found a runed translucent gate.
 33859 | Vaults:1 | Noticed Etzier's ghost (adept MiBe)
 33866 | Vaults:1 | Found a runed translucent gate.
 34966 | Vaults:2 | Reached skill level 19 in Fighting
 35167 | Vaults:2 | Found Kytanwit's Food Shoppe.
 35227 | Vaults:2 | Reached XP level 19. HP: 183/183 MP: 25/25
 36080 | Swamp:1  | Entered Level 1 of the Swamp
 36454 | Swamp:1  | Identified a scroll of acquirement
 36533 | Lair:2   | Acquired the amulet of the Magpie {Acrobat +Blink Str+5
                  | Slay+6 Stlth+}
 36685 | Elf:1    | Entered Level 1 of the Elven Halls
 37271 | Elf:1    | Found Luchuih's Magic Scroll Boutique.
 37271 | Elf:1    | Found Ziawn's Antique Armour Shop.
 37285 | Elf:1    | Bought a pair of spiked boots for 332 gold pieces
 37300 | Elf:1    | Identified the cursed +0 pair of boots of Autotheism {rF+
                  | rN+ Dex-2} (You bought it in a shop on level 1 of the Elven
                  | Halls)
 37499 | Elf:1    | Reached skill level 20 in Fighting
 38002 | Elf:2    | Cast into level 3 of the Abyss (+2 long sword of
                  | distortion)
 38376 | Abyss:3  | Found a corrupted altar of Lugonu.
 38726 | Elf:2    | Escaped the Abyss
 39079 | Elf:3    | Entered Level 3 of the Elven Halls
 39279 | Elf:3    | Reached XP level 20. HP: 99/193 MP: 26/26
 39653 | Elf:3    | Found Zugodein's Gadget Shop.
 39679 | Elf:3    | Cast into level 2 of the Abyss (a deep elf sorcerer)
 40221 | Elf:3    | Escaped the Abyss
 40515 | Elf:3    | Reached skill level 15 in Invocations
 40823 | Elf:1    | Bought a shiny tower shield for 262 gold pieces
 40838 | Elf:1    | Bought a shiny helmet for 262 gold pieces
 41383 | Vaults:3 | Got a dazzling plate armour
 41394 | Vaults:3 | Identified the +11 plate armour of the Big Bang {*Contam
                  | rN++ Str+2 Int+4} (You found it on level 3 of the Vaults)
 41769 | Vaults:3 | Found a staircase to the Crypt.
 42551 | Vaults:3 | Reached XP level 21. HP: 201/201 MP: 29/29
 43568 | Vaults:4 | Found Lelitel's General Store.
 43572 | Vaults:4 | Bought a scroll of blinking for 112 gold pieces
 45487 | Swamp:2  | Identified the +2 quarterstaff of Culuqih {distort, rC+
                  | Str+6}
 45510 | Swamp:2  | Found a one-way gate to the infinite horrors of the Abyss.
 45526 | Swamp:2  | Found a transporter.
 45531 | Swamp:2  | Noticed Zachydoop's ghost (journeyman DsGl)
 45627 | Swamp:2  | Found a transporter.
 46286 | Swamp:3  | Found a runed translucent door.
 46370 | Swamp:3  | Reached XP level 22. HP: 209/209 MP: 29/29
 46757 | Swamp:4  | Entered Level 4 of the Swamp
 47130 | Swamp:4  | Got a decaying rune of Zot
 48114 | Depths:1 | Entered Level 1 of the Depths
 48585 | Depths:1 | Found a gateway to Hell.
 48597 | Depths:1 | Got a scorched plate armour
 48598 | Depths:1 | Identified the cursed +1 plate armour "Recvosch" {rPois rF-
                  | Int+3} (You found it on level 1 of the Depths)
 48630 | Depths:1 | Cast into level 3 of the Abyss (a lich)
 48970 | Abyss:3  | Lost mutation: You have sharp toenails. [potion of
                  | mutation]
 48970 | Abyss:3  | Lost mutation: Your magical capacity is low. (-10% MP)
                  | [potion of mutation]
 48970 | Abyss:3  | Gained mutation: You are partially covered in yellow
                  | scales. (AC +2) [potion of mutation]
 48970 | Abyss:3  | Gained mutation: You can translocate small distances at
                  | will. [potion of mutation]
 49050 | Depths:1 | Escaped the Abyss
 50091 | Depths:2 | Reached XP level 23. HP: 216/216 MP: 34/34
 50585 | Depths:2 | Identified the +8 dagger of the Grey Skies {antimagic,
                  | *Drain rElec Str+4}
 50592 | Depths:2 | Noticed the Enchantress
 50593 | Depths:2 | Identified the cursed +5 giant club of Erymech {vamp, rElec
                  | Int+2}
 50593 | Depths:2 | Identified the cursed +8 giant club "Osaeda Fyjoy" {vorpal,
                  | *Rage rF- Str+4 Dex+10}
 50698 | Depths:2 | Killed the Enchantress
 51544 | Depths:2 | Found a bloodstained altar of Trog.
 52023 | Depths:3 | Found a runed translucent door.
 52024 | Depths:3 | Noticed Jaoffat's ghost (adept TrFi)
 52540 | Depths:3 | Noticed Saint Roka
 52565 | Depths:3 | Killed Saint Roka
 52649 | Depths:3 | Noticed an ancient lich
 52667 | Depths:3 | Killed an ancient lich
 53204 | Depths:3 | Identified Issak's Reference Book on Ignition
 53221 | Depths:3 | Got the lajatang of the Inferno {vamp}
 53618 | Depths:4 | Reached XP level 24. HP: 212/225 MP: 34/34
 53632 | Depths:4 | Noticed a caustic shrike
 53641 | Depths:4 | Killed a caustic shrike
 53688 | Depths:4 | Reached skill level 21 in Fighting
 53939 | Depths:4 | Got a steaming great mace
 53950 | Depths:4 | Got a faintly glowing mace
 53956 | Depths:4 | Identified the +7 great mace of Exquisite Torment {flame,
                  | MP+9 Int+3} (You found it on level 4 of the Depths)
 53957 | Depths:4 | Identified the +7 mace of Evolution {elec, rN+ Str+4 Int+2
                  | Dex-4} (You found it on level 4 of the Depths)
 54033 | Depths:4 | Identified Sif Muna's Tome of Enhancements and Feathers
 54131 | Depths:4 | Noticed Jory
 54183 | Depths:4 | Killed Jory
 54775 | Depths:4 | Reached skill level 22 in Fighting
 55004 | Depths:5 | Entered Level 5 of the Depths
 55259 | Depths:5 | Reached skill level 23 in Fighting
 55384 | Depths:5 | Found a gateway to a ziggurat.
 56201 | Depths:5 | Reached skill level 24 in Fighting
 56221 | Depths:5 | Reached XP level 25. HP: 245/245 MP: 34/34
 56595 | Depths:5 | Found a runed translucent door.
 56627 | Depths:5 | Found a runed translucent door.
 56629 | Depths:5 | Found a runed translucent door.
 56645 | Depths:5 | Found a runed translucent door.
 56972 | Depths:5 | Found a runed translucent door.
 56972 | Depths:5 | Found a runed translucent door.
 57033 | Depths:5 | Found a gate to the Realm of Zot.
 58539 | Elf:3    | Identified the ring of Beogh's Wrath {+Fly MR- Int+4 Dex+6
                  | Stlth+}
 58623 | Elf:3    | Reached skill level 25 in Fighting
 58673 | Elf:3    | Identified the +3 plate armour "Ninic" {Str-2 Int+2 Dex+5}
 58678 | Elf:3    | Identified the +8 mace of Anxiety {flame, Dex+5}
 59016 | Elf:3    | Found the +6 shillelagh "Devastator" {shatter}
 59037 | Elf:3    | Identified the Volume of Aerial Venom
 59089 | Elf:3    | Identified the Guide on the Feathery Escort
 59512 | Elf:2    | Found Qiwicres's Magic Scroll Shoppe.
 59520 | Elf:2    | Bought a scroll of silence for 135 gold pieces
 59520 | Elf:2    | Bought 2 scrolls of holy word for 270 gold pieces
 59520 | Elf:2    | Bought a scroll of enchant armour for 135 gold pieces
 59869 | Elf:3    | Bought a phial of floods for 560 gold pieces
 59869 | Elf:3    | Bought a wand of clouds (6) for 420 gold pieces
 59869 | Elf:3    | Bought a wand of acid (9) for 364 gold pieces
 59869 | Elf:3    | Bought a phial of floods for 560 gold pieces
 59869 | Elf:3    | Bought a box of beasts for 280 gold pieces
 60488 | Orc:2    | Bought a potion of resistance for 110 gold pieces
 60488 | Orc:2    | Bought a potion of heal wounds for 55 gold pieces
 60803 | Vaults:4 | Learned a level 2 spell: Song of Slaying
 61222 | Depths:3 | Killed Jaoffat's ghost
 61222 | Depths:3 | Reached skill level 1 in Charms
 61525 | Elf:1    | Bought a scroll of immolation for 52 gold pieces
 61525 | Elf:1    | Bought a scroll of enchant armour for 112 gold pieces
 61775 | Depths:1 | Got a pair of smoking boots
 61776 | Depths:1 | Identified the +2 pair of boots of Filigreed Contentment
                  | {+Inv rElec rF+ MR- Str+3} (You found it on level 1 of the
                  | Depths)
 61902 | Depths:3 | Voluntarily entered the Abyss.
 61930 | Abyss:1  | Found a corrupted altar of Lugonu.
 61947 | Abyss:1  | Reached skill level 10 in Evocations
 62020 | Abyss:2  | Found a corrupted altar of Lugonu.
 62114 | Abyss:2  | Found a corrupted altar of Lugonu.
 62283 | Abyss:2  | Reached XP level 26. HP: 258/258 MP: 34/34
 62311 | Abyss:2  | Found an iron altar of Okawaru.
 62515 | Abyss:2  | Gained mutation: Your magical capacity is low. (-10% MP) [a
                  | neqoxec]
 62517 | Abyss:2  | Gained mutation: Your body sometimes deteriorates upon
                  | taking damage. [a neqoxec]
 62573 | Abyss:2  | Got a smoking tin ring
 62582 | Abyss:2  | Identified the ring "Geur" {Fire MR+ MP-9 Dex+6} (You found
                  | it on level 2 of the Abyss)
 62591 | Depths:3 | Escaped the Abyss
 62907 | Vaults:5 | Entered Level 5 of the Vaults
 62914 | Vaults:5 | Reached skill level 5 in Charms
 62914 | Vaults:5 | Reached skill level 15 in Dodging
 62991 | Vaults:5 | Identified the +6 morningstar of Lixkepn {freeze, rF- Str+6
                  | Dex+5}
 63025 | Vaults:5 | Cast into level 2 of the Abyss (a deep elf sorcerer)
 63060 | Abyss:2  | Paralysed by you for 4 turns
 63345 | Abyss:2  | Found a corrupted altar of Lugonu.
 63435 | Abyss:2  | Found a blossoming altar of Fedhas.
 63458 | Vaults:5 | Escaped the Abyss
 63462 | Vaults:5 | Identified the amulet "Sogeraul" {*Corrode rPois rC+ Regen+
                  | SInv}
 63486 | Vaults:5 | Noticed Mennas
 63507 | Vaults:4 | Killed Mennas
 63507 | Vaults:4 | Reached XP level 27. HP: 220/266 MP: 31/31
 63562 | Vaults:5 | Reached skill level 10 in Charms
 63570 | Vaults:5 | Identified the +2 plate armour "Geqor" {+Fly Int+4}
 63572 | Vaults:5 | Identified the cursed +2 mace "Nacesy" {venom, Int+3}
 63588 | Vaults:5 | Identified the cursed +1 eveningstar of Eternal Night
                  | {freeze, rF+ Str+3 Int+7 Dex-3}
 63607 | Vaults:5 | Identified the +5 halberd of the Everdark {vorpal, rC+
                  | Str+2 Dex+4}
 63714 | Vaults:5 | Found the +7 sceptre of Torment {pain, torment}
 63747 | Vaults:5 | Got a silver rune of Zot
 63910 | Vaults:5 | Identified the Guide on Flying Flames
 64183 | Vaults:5 | Identified the +5 fustibalus of Circularity {flame, rC- MR+
                  | Int+5} (You found it on level 5 of the Vaults)
 64201 | Vaults:5 | Identified the +5 morningstar of the Special Lives {pain,
                  | Int+4} (You found it on level 5 of the Vaults)
 64208 | Vaults:5 | Identified the +6 plate armour of Proximity {Regen+ Int+5
                  | Dex-4 Stlth+} (You found it on level 5 of the Vaults)
 64467 | Vaults:5 | Identified the cursed +1 battleaxe of Wuqerypt {drain,
                  | *Rage *Corrode rPois Dex+7} (You found it on level 5 of the
                  | Vaults)
 64677 | Vaults:5 | Identified the cursed +3 whip of Fear {vorpal, rPois SInv}
                  | (You found it on level 5 of the Vaults)
 64710 | Vaults:4 | Learned a level 3 spell: Spectral Weapon
 64716 | Vaults:4 | Learned a level 5 spell: Aura of Abjuration
 64959 | Vaults:1 | Reached skill level 1 in Hexes
 64994 | Vaults:1 | Killed Etzier's ghost
 66648 | D:14     | Reached skill level 15 in Evocations
 66891 | Temple   | Entered the Ecumenical Temple
 67000 | Temple   | Fell from the grace of Makhleb
 67000 | Temple   | Became a worshipper of the Shining One
 67316 | Crypt:1  | Entered Level 1 of the Crypt
 67479 | Crypt:1  | Reached skill level 5 in Hexes
 67988 | Crypt:1  | Found a runed translucent door.
 67988 | Crypt:1  | Noticed rrossfarrar's ghost (veteran BaFi)
 67992 | Crypt:1  | Reached * piety under the Shining One
 68061 | Crypt:1  | Reached ** piety under the Shining One
 68236 | Crypt:1  | Reached *** piety under the Shining One
 68237 | Crypt:1  | You fall into a shaft and drop 1 floor!
 68327 | Crypt:2  | Reached **** piety under the Shining One
 68388 | Crypt:2  | Reached ***** piety under the Shining One
 68560 | Crypt:2  | Reached skill level 1 in Maces & Flails
 68887 | Crypt:2  | Identified the Papyrus of Unholy Secrets
 69029 | Crypt:3  | Entered Level 3 of the Crypt
 69062 | Crypt:2  | Gained mutation: You are agile. (Dex +2) [a cacodemon]
 69064 | Crypt:2  | Lost mutation: You are agile. (Dex +2) [a cacodemon]
 69561 | Crypt:3  | Reached skill level 5 in Maces & Flails
 69574 | Crypt:3  | Noticed Frederick
 69590 | Crypt:3  | Killed Frederick
 69591 | Crypt:3  | Reached ****** piety under the Shining One
 69711 | Crypt:3  | Noticed an ancient lich
 69730 | Crypt:3  | Killed an ancient lich
 69826 | Crypt:3  | Reached skill level 1 in Summonings
 70236 | Crypt:1  | Reached skill level 5 in Summonings
 70287 | Crypt:1  | Noticed Sojobo
 70306 | Crypt:1  | Killed Sojobo
 70306 | Crypt:1  | Reached skill level 10 in Maces & Flails
 70896 | Vaults:4 | Identified a +9 broad axe of holy wrath (a +7 broad axe of
                  | draining blessed by the Shining One)
 70896 | Vaults:4 | Received a gift from the Shining One
 71098 | Crypt:3  | Found a basalt altar of Yredelemnul.
 71099 | Crypt:3  | Found an ancient bone altar of Kikubaaqudgha.
 71099 | Crypt:3  | Noticed an ancient lich
 71110 | Crypt:3  | Killed an ancient lich
 71171 | Crypt:3  | Found the +9 sword of Zonguldrok {reap}
 71231 | Crypt:3  | Got a crude amber ring
 71232 | Crypt:3  | Identified the ring of Areliotu {MP+9 Dex+3} (You found it
                  | on level 3 of the Crypt)
 71280 | Crypt:3  | Found a staircase to the Tomb.
 71917 | Depths:3 | Voluntarily entered the Abyss.
 71917 | Abyss:1  | Found a corrupted altar of Lugonu.
 72162 | Abyss:1  | Paralysed by accursed screaming for 1 turns
 72894 | Abyss:2  | Paralysed by accursed screaming for 1 turns
 72899 | Abyss:2  | Paralysed by accursed screaming for 1 turns
 73042 | Abyss:2  | Found a hide-covered altar of Uskayaw.
 73361 | Abyss:3  | Identified the +3 great mace of a treasure trove {venom,
                  | *Contam Int+3 Dex+6}
 73392 | Abyss:5  | Entered Level 5 of the Abyss
 73640 | Abyss:5  | Was forgiven by Makhleb
 73768 | Abyss:5  | Gained mutation: You are frail. (-10% HP) [a neqoxec]
 73830 | Abyss:5  | Paralysed by accursed screaming for 1 turns
 73835 | Abyss:5  | Paralysed by accursed screaming for 1 turns
 73855 | Abyss:5  | Reached skill level 10 in Summonings
 73857 | Depths:3 | Escaped the Abyss
 74199 | Hell     | Entered the Vestibule of Hell
 74199 | Hell     | Noticed Geryon
 74228 | Hell     | Killed Geryon
 74394 | Hell     | Found a gateway to the Iron City of Dis.
 74563 | Hell     | Found a gateway to the decaying netherworld of Tartarus.
 74725 | Hell     | Found a gateway to the freezing wastes of Cocytus.
 74890 | Hell     | Found a gateway to the ashen valley of Gehenna.
 75688 | Geh:1    | Entered Level 1 of Gehenna
 76714 | Geh:7    | Entered Level 7 of Gehenna
 77708 | Geh:7    | Found the +7 captain's cutlass {speed, disarm}
 77735 | Geh:7    | Identified the Volume of Frigorific Curses
 78105 | Geh:7    | Identified the +7 sceptre of Asmodeus
 78105 | Geh:7    | Noticed Asmodeus
 78130 | Geh:7    | Killed Asmodeus
 78130 | Geh:7    | Reached skill level 26 in Fighting
 78139 | Geh:7    | Got an obsidian rune of Zot
 78330 | Tar:1    | Entered Level 1 of Tartarus
 78878 | Tar:1    | Reached skill level 27 in Fighting
 79360 | Tar:2    | Reached skill level 15 in Armour
 79703 | Tar:3    | You fall into a shaft and drop 1 floor!
 80690 | Tar:7    | Entered Level 7 of Tartarus
 80804 | Tar:7    | Noticed an ancient lich
 80814 | Tar:7    | Killed an ancient lich
 81075 | Tar:7    | Identified the +5 great mace of Wesh {vorpal, +Rage Dex+2}
                  | (You found it on level 7 of Tartarus)
 81076 | Tar:7    | Identified the Guide on Confrontation
 81110 | Tar:7    | Identified Baitolao's Incunabulum of the Congealing Escort
 81181 | Tar:7    | Noticed an ancient lich
 81189 | Tar:7    | Killed an ancient lich
 81205 | Tar:7    | Noticed Ereshkigal
 81223 | Tar:7    | Killed from afar by a Tzitzimitl

Illustrated notes

Levels and vault maps discovered:
D:1:      tarquinn_simple_flora_water_d, layout_loops_ring
D:2:      layout_rooms, first_ration, minmay_fountain_box, minivault_25,
          makhleb_heckhound_becter
D:3:      layout_rooms, lemuel_coloured_pillars_altar
D:4:      layout_loops_cross, vehumet_crystals
D:5:      layout_layer_cave, basic_altar, nrook_mini_vaults,
          minmay_guarded_unrand_staff_of_olgreb
D:6:      layout_rooms, nemelex_xobeh_ov_fountains_minmay,
          okawaru_ov_weapons_minmay, zaba_anthole,
          minmay_shop_enchanted_jewellery, uniq_prince_ribbit1
D:7:      layout_loops_ring, lemuel_round_altar,
          minmay_temple_entry_drinking_statues, minivault_25, uniq_maggie
D:8:      layout_rooms, dancing_weapons_uskayaw, fedhas_ov_isle_minmay,
          uniq_maurice, uniq_gastronok
D:9:      layout_gridville
D:10:     layout_rooms, david_orc_3, grunt_tengu_nest, uniq_urug, uniq_psyche
D:11:     layout_cave_pods, lair_entry_dummy, basic_altar,
          nicolae_trove_entry_path_of_doom
D:12:     layout_rooms, uniq_jorgrun
D:13:     layout_cave_pods, skrybe_vaults_entry_preservation, uniq_snorg
D:14:     gammafunk_beogh_shrine, layout_loops_ring, minivault_14, uniq_frances
D:15:     gammafunk_depths_entry_grave, layout_small_grid, minmay_crystal_water,
          gammafunk_ghost_berserking_beasts, uniq_agnes
Temple:   regret_index_temple_waves
Lair:1:   layout_chaotic_city
Lair:2:   layout_long_grid, minmay_swamp_entry_worms
Lair:3:   layout_cave_pods, minmay_snake_entry_six_corridors, grunt_megastairs_5
Lair:4:   layout_small_grid, serial_bayou, serial_bayou_lagoon_a,
          serial_bayou_pond_e, serial_bayou_shore_a, serial_bayou_lake_a,
          minivault_26, nicolae_quartered_pool_medium, lemuel_fruit_tree
Lair:5:   layout_loops_ring, slime_altar_1, beast_lair_carwin_6,
          serial_bayou_shore_b, minmay_lair_oklob_chamber,
          infiniplex_staircase_pool_2
Lair:6:   minmay_lair_end_enchanted_forest, layout_cave_pods,
          chequers_serial_rivers_micro_e
Swamp:1:  layout_falls_marsh, infiniplex_staircase_pool
Swamp:2:  layout_falls_marsh, gammafunk_ghost_abyssal_escape,
          nicolae_swamp_round_clearing
Swamp:3:  gammafunk_mikee_crab_dinner, layout_basic_swamp, hangedman_swamp_pad
Swamp:4:  swamp_basic_johnstein, layout_basic_swamp, swamp_pool4,
          evilmike_swamp_ruin_house_2, nicolae_swamp_very_dense_foliage
Snake:1:  layout_chambers, uniq_louise
Snake:2:  layout_basic, grunt_megastairs_4
Snake:3:  layout_gridlike, uniq_aizul
Snake:4:  grunt_snake_rune_serpentine_throne, layout_cave_town,
          portal_ice_cave_entry_ice_statue_two, serial_bayou_pond_e,
          serial_bayou_shore_b
Orc:1:    layout_caves
Orc:2:    pf_orc_diabolical, layout_caves, gauntlet_entry_generic, mines4_lemuel
Elf:1:    eino_elf_arrival_the_gate, layout_loops_corners,
          hangedman_elven_crosses_minicolossus, minmay_shoptagon
Elf:2:    layout_gridlike, serial_shops, nicolae_shop_behind_doors
Elf:3:    minmay_elf_hall_four_x, layout_loops_corners, serial_shops,
          shop_fountains, minivault_14, lemuel_flame_loot_1
Vaults:1: gammafunk_vaults_ghost_split, ontoclasm_vaults_spin,
          nicolae_vaults_angled_halls, hangedman_vaults_cutoff, v_misc_22,
          vaults_dpeg_encased_lava, vaults_room_door_ring, vaults_room_hallway,
          layout_vaults_omnigrid, serial_shops, nicolae_shop_overgrown_old_shop
Vaults:2: hangedman_vaults_impose, nicolae_vaults_big_ls, hangedman_vaults_maws,
          nicolae_vaults_little_squares_3, ontoclasm_vaults_fault,
          nicolae_vaults_what_the_h, layout_vaults_omnicross, serial_shops, shop
Vaults:3: vaults_room_pool, nicolae_vaults_network_periphery, v_misc_8,
          grunt_vaults_focal, v_misc_24, minmay_crypt_entry_simple_box,
          hangedman_vaults_cutoff, nicolae_vaults_little_squares_3,
          ontoclasm_vaults_misaligned, nicolae_vaults_little_squares_1,
          v_misc_1, grunt_vaults_hallway_short, v_rooms_1,
          nicolae_vaults_angled_halls, ontoclasm_vaults_idyll,
          layout_vaults_maze_bifur
Vaults:4: v_misc_8, v_misc_12, serial_ice_g, hangedman_vaults_trim,
          grunt_vaults_hallway_short, vaults_dpeg_doors, ontoclasm_vaults_eye,
          hangedman_vaults_nails, hangedman_vaults_stitches, v_misc_9,
          nicolae_vaults_quartermaster, layout_vaults_omnibox, serial_shops,
          shop
Vaults:5: uniq_mennas
Crypt:1:  layout_gridlike, gammafunk_ghost_grave, unseen_surprise_small,
          uniq_sojobo, uniq_margery
Crypt:2:  layout_gridlike, special_room [special_room_morgue]
Crypt:3:  lightli_unholy_cathedral, layout_chaotic_city,
          tomb_entry_simple_bobbens, uniq_frederick
Depths:1: layout_basic, pf_hell_entry_tar_spiral, chequers_jeans,
          minmay_misc_feat_rugged, bh_walls_and_bars
Depths:2: spriggan_forest, hell_entry
Depths:3: minmay_guarded_unrand_majin_bo, layout_cave_pools,
          roderic_serpentine_path, grunt_pan_entry_spiral,
          ebering_ghost_inner_flame, hell_entry, abyss_entry,
          hangedman_decor_slide_cut, minislime_mu, uniq_saint_roka
Depths:4: evilmike_hourglass, layout_cave_pools, infiniplex_staircase_zigzag_1,
          lightli_too_deep, nicolae_abyss_entry_one_way_or_another,
          kennysheep_pointless_box, uniq_jory
Depths:5: evilmike_zot_entry_castle, layout_cross, enter_ziggurat_b,
          grunt_hell_entry_dis_grunt, grunt_pan_entry_in_and_out,
          nrook_mini_backslash
Hell
Geh:1:    layout_gehenna_lava_caves
Geh:2:    layout_gehenna_pools_box
Geh:3:    layout_gehenna_lava_caves
Geh:4:    layout_gehenna_pools_box
Geh:5:    layout_gehenna_pools_box
Geh:6:    layout_gehenna_pools_box
Geh:7:    geh_old
Tar:1:    layout_grid_maze
Tar:2:    layout_grid_maze, nicolae_tar_cuneiform_not
Tar:3:    layout_cathedral_of_symmetry, grunt_megastairs_3
Tar:4:    layout_grid_maze
Tar:5:    layout_catacombs
Tar:6:    layout_catacombs, nicolae_tar_cuneiform_oil
Tar:7:    tar_old

Skill      XL: |  1  2  3  4  5  6  7  8  9 10 11 12 13 14 15 16 17 18 19 20 21 22 23 24 25 26 27 |
---------------+----------------------------------------------------------------------------------+-----
Axes           | 3 4 5 6 7 9 10 13 14 15 17 18 20 21 24 | 24.5
Fighting       | 4 5 6 7 8 10 12 13 15 16 17 19 20 24 25 27 | 27.0
Invocations    | 2 5 7 9 10 11 12 15 16 20 | 20.0
Armour         | 4 5 6 7 9 10 13 18 | 18.0
Shields        | 4 5 6 9 10 12 13 15 16 18 21 24 25 | 25.0
Dodging        | 3 6 7 8 9 11 13 14 15 19 | 19.8
Evocations     | 2 3 4 9 10 13 15 | 15.0
Charms         | 3 9 11 | 11.0
Hexes          | 9 |  9.6
Maces & Flails | 10 | 10.1
Summonings     | 13 | 13.2

Action                   |  1- 3 |  4- 6 |  7- 9 | 10-12 | 13-15 | 16-18 | 19-21 | 22-24 | 25-27 || total
-------------------------+-------+-------+-------+-------+-------+-------+-------+-------+-------++-------
Melee: War axe           |    77 |   191 |   228 |       |       |       |       |       |       ||   496
       Broad axe         |       |       |   103 |   754 |  1303 |  1167 |  1458 |  1892 |  3110 ||  9787
       Mace              |       |       |       |       |       |       |       |       |   265 ||   265
       Sacred scourge    |       |       |       |       |       |       |       |       |   691 ||   691
Throw: Dart              |       |       |       |       |     1 |     2 |       |       |     3 ||     6
       Javelin           |       |       |       |       |       |       |       |       |    14 ||    14
 Cast: Spectral Weapon   |       |       |       |       |       |       |       |       |     9 ||     9
       Song of Slaying   |       |       |       |       |       |       |       |       |     3 ||     3
Invok: Minor Destruction |       |       |     6 |       |       |       |       |       |       ||     6
       Lesser Servant of |       |       |     1 |       |       |       |       |       |       ||     1
       Major Destruction |       |       |       |     5 |    14 |    16 |    28 |    21 |       ||    84
       Greater Servant o |       |       |       |       |     5 |     8 |    12 |     5 |     7 ||    37
       Summon Divine War |       |       |       |       |       |       |       |       |    16 ||    16
       Cleansing Flame   |       |       |       |       |       |       |       |       |     6 ||     6
       Divine Shield     |       |       |       |       |       |       |       |       |     2 ||     2
       Brand Weapon With |       |       |       |       |       |       |       |       |     1 ||     1
 Abil: Blink             |       |       |       |       |       |       |       |     1 |     3 ||     4
Evoke: Wand              |       |       |     2 |    11 |     9 |     2 |     9 |     3 |     2 ||    38
       Lightning rod     |       |       |       |       |     4 |       |       |       |       ||     4
       Phial of floods   |       |       |       |       |       |       |     1 |     1 |     1 ||     3
       Box of beasts     |       |       |       |       |       |       |       |       |     1 ||     1
  Use: Scroll            |       |     6 |    11 |    10 |    12 |     8 |    14 |     8 |    34 ||   103
       Potion            |       |       |       |     4 |     1 |     3 |     8 |    15 |    14 ||    45
 Stab: Confused          |       |       |       |       |     6 |       |       |       |       ||     6
       Fleeing           |       |       |       |       |     1 |       |       |       |       ||     1
       Distracted        |       |       |       |       |       |     2 |     2 |     2 |     2 ||     8
       Petrifying        |       |       |       |       |       |       |       |       |     2 ||     2
  Eat: Chunk             |       |     6 |    14 |    22 |    27 |    18 |    23 |    24 |    13 ||   147
       Ration            |       |       |       |     1 |     4 |     4 |     4 |     3 |    23 ||    39
Armor: Scale mail        |    51 |    95 |     6 |       |       |       |       |       |       ||   152
       Plate armour      |       |       |   218 |   308 |   498 |   310 |   363 |   502 |   702 ||  2901
Dodge: Dodged            |    42 |    57 |    53 |   169 |   344 |   313 |   356 |   412 |   725 ||  2471
Block: Kite shield       |    54 |   101 |   164 |   572 |  1092 |   927 |   494 |       |       ||  3404
       Reflection        |       |       |       |     4 |    63 |   123 |   102 |    68 |   113 ||   473
       Tower shield      |       |       |       |       |       |       |   840 |  2087 |  4418 ||  7345
